 Dungeon Crawl Stone Soup version 0.29-a0-962-gc8bbfd0a37 (webtiles) character file.

Game seed: 15876827109391346466

165 mcwallace the Grave Robber (level 5, -1/28 HPs)
             Began as a Deep Elf Necromancer on July 31, 2022.
             Killed by divine providence
             ... invoked by an orc priest
              (15 damage)
             ... on level 4 of the Dungeon.
             The game lasted 00:08:02 (3122 turns).

mcwallace the Grave Robber (Deep Elf Necromancer)   Turns: 3122, Time: 00:08:02

Health: -1/28      AC:  7    Str:  5    XL:     5   Next: 21%
Magic:  14/14      EV: 13    Int: 32    God:
Gold:   127        SH:  4    Dex: 15    Spells: 5/13 levels left

rFire   + . .      SeeInvis .   z - +3 war axe {axe}
rCold   . . .      Faith    .   A - +0 buckler
rNeg    + . .      Spirit   .   a - +0 robe
rPois   +          Reflect  .   y - +0 helmet
rElec   .          Harm     .   x - +1 cloak of Jisobud {rN+ Int+10}
rCorr   .          Rampage  .   (no gloves)
Will    .....                   s - +1 pair of boots
Stlth   ++........              w - amulet of Iplif {RegenMP +Inv}
HPRegen 0.09/turn               m - ring of protection from fire
MPRegen 0.54/turn               n - ring of poison resistance

@: animating dead
A: no striking features
a: Evoke Invisibility


You were on level 4 of the Dungeon.
You visited 1 branch of the dungeon, and saw 4 of its levels.

You collected 127 gold pieces.


   Skills:
 + Level 0.2 Fighting
 + Level 4.0 Dodging
 - Level 2.4 Stealth
 + Level 1.0 Shields
 + Level 4.7 Spellcasting
 + Level 5.9 Necromancy


You had 5 spell levels left.
You knew the following spells:

 Your Spells              Type           Power      Damage    Failure   Level
a - Necrotise             Necr           100%       1d9       1%          1
b - Vampiric Draining     Necr           45%        2d9       1%          3
c - Animate Dead          Necr           45%        N/A       6%          4

Your spell library contained the following spells:

 Spells                   Type           Power      Damage    Failure   Level
 Agony                    Necr           45%        N/A       17%         5

Inventory:

Hand Weapons
 f - a +0 club {mace}
   (You took it off a goblin on level 1 of the Dungeon)
 k - a +0 dagger {short}
   (You found it on level 1 of the Dungeon)
 z - a +3 war axe (weapon) {axe}
   (You found it on level 3 of the Dungeon)
Missiles
 g - 47 stones {throwing}
Armour
 a - a +0 robe (worn)
 d - a +0 ring mail
   (You found it on level 1 of the Dungeon)
 l - a +0 scale mail
   (You found it on level 3 of the Dungeon)
 s - a +1 pair of boots (worn)
   (You found it on level 3 of the Dungeon)
 t - a +0 ring mail
   (You found it on level 2 of the Dungeon)
 u - a +0 robe
   (You found it on level 2 of the Dungeon)
 x - the +1 cloak of Jisobud (worn) {rN+ Int+10}
   (You found it on level 2 of the Dungeon)

   Int:       It affects your intelligence (+10).
   rN:        It protects you from negative energy.
 y - a +0 helmet (worn)
   (You found it on level 3 of the Dungeon)
 A - a +0 buckler (worn)
   (You found it on level 3 of the Dungeon)
 D - a +0 robe
   (You found it on level 3 of the Dungeon)
 H - a +0 leather armour
   (You found it on level 3 of the Dungeon)
Jewellery
 m - a ring of protection from fire (left hand)
   (You found it on level 1 of the Dungeon)
 n - a ring of poison resistance (right hand)
   (You found it on level 1 of the Dungeon)
 w - the amulet of Iplif (around neck) {RegenMP +Inv}
   (You found it on level 2 of the Dungeon)

   [amulet of magic regeneration]

   It increases your rate of magic regeneration.
   +Inv:      It lets you turn invisible.
Wands
 C - a wand of charming (1)
   (You took it off a goblin on level 3 of the Dungeon)
Scrolls
 i - a scroll of enchant weapon {unknown}
 j - a scroll of noise {unknown}
 p - 2 scrolls of magic mapping {unknown}
 q - a scroll of summoning {unknown}
 r - a scroll of blinking {unknown}
 v - a scroll of identify {unknown}
 B - a scroll of teleportation {unknown}
 E - a scroll of poison {unknown}
 F - a scroll of enchant armour {unknown}
Potions
 b - 2 potions of magic
 c - 3 potions of flight {unknown}
 e - 2 potions of curing {unknown}
 h - a potion of cancellation {unknown}
 o - a potion of brilliance {unknown}
 G - 2 potions of attraction {unknown}

Dungeon Overview and Level Annotations

Branches:
Dungeon (4/15) Zot: 20868
 Temple: D:4-7

Altars:
Gozag

Shops:
D:1

[
#############
#.o......o..'
##.##########
#o#........#
#)##.#.###.#
#Z####.###.#
#.@>.......#
######....##
##.##.#
#.#..# #.#..#
#.#..# #.#..#
########.#..#
#........#..#


You could see an orc priest, an orc and a friendly orc wizard zombie.


Message History

Aiming: Necrotise (safe; 1% risk of failure)
Press: ? - help, Q - select action, (/) - cycle Shift-Dir - straight line, f/p - iguana
Aim: an iguana (almost dead, chance to affect: 88%)
The iguana writhes in agony.
You kill the iguana!
The dead are walking!
You have reached level 5! 😎 HP[+4] MP[-1]
You now have 28 max hp (+4).
Your hp is fully restored (28).
Found an escape hatch in the floor. 😎 MP[+4]
Your mp is fully restored (13).
Your iguana skeleton crumbles into dust!
There is an escape hatch in the floor here.
An orc wizard comes into view. It is wielding a +0 dagger.
Aiming: Necrotise (safe; 1% risk of failure)
Press: ? - help, Q - select action, (/) - cycle Shift-Dir - straight line, f - you That beam is likely to hit you.
Continue anyway?
Okay, then.
Okay, then.
This spell is quite dangerous to cast!
Memorise Animate Dead, consuming 4 spell levels and leaving 5?
You start memorising the spell.
You continue memorising. x4
You finish memorising.
Spell assigned to 'c'.
Casting: Necrotise (safe; 1% risk of failure)
Confirm with . or Enter, or press ? or * to list all spells.
The spell is quite dangerous to miscast (6% risk of failure)!
Continue anyway?
You call upon the dead to rise.
The orc wizard gestures at you while chanting.
You are confused.
You hear a shout! x2 😎 MP[-4]
You lost 4 mp, and now have 9/13 mp.
You hear a shout!
The orc wizard casts a spell at you. You resist with some effort. 😎 MP[+1]
You bump into the rock wall. 😎 MP[+1]
You bump into the rock wall.
You hit the orc wizard but do no damage.
The orc wizard barely misses you. 😎 MP[+1]
You hit the orc wizard.
You feel less confused.
The orc wizard hits you but does no damage.
An orc wizard comes into view. It is wielding a +0 dagger.
An orc comes into view. It is wielding a +0 flail.
The orc wizard hits you but does no damage. 😎 MP[+1]
Your mp is fully restored (13).
The orc wizard shouts!
You slash the orc wizard! The orc wizard barely misses you.
You hit the orc wizard.
You kill the orc wizard!
The dead are walking!
An orc priest comes into view. It is wielding a +0 club.
The orc wizard hits your orc wizard zombie with a +0 dagger. x2
Your Dodging skill increases to level 4!
Your Shields skill increases to level 1!
What are your orders? t - Shout!
Orders for allies: a - Attack new target. r - Retreat! s - Stop attacking. g - Guard the area. f - Follow me.
Anything else - Cancel.
Gang up on whom?
Press: ? - help, Dir - move target, f - orc wizard
Aim: an orc wizard, wielding a +0 dagger and wearing a +0 robe (ally target) Attack!
The orc wizard mumbles some strange words.
The orc wizard flickers and vanishes!
Deactivating autopickup; reactivate with Ctrl-A.
You swap places.
You hear some strange, mumbled words.
Something tries to affect you, but you resist.
Things that are here:
a +0 dagger {short}; a +0 robe; 😎 MP[+1]
Your mp is fully restored (14).
You miss something. Something hits you but does no damage.
You miss something.
Something hits you but does no damage. x2
You miss something. Something hits you but does no damage.
You closely miss something.
Something hits you but does no damage. x2
You slash something! Something hits you. 😕 HP[-1]
You take 1 damage, and now have 27/28 hp.
You slash something!
The orc priest invokes the aid of Beogh against you.
Beogh smites you!
* * * LOW HITPOINT WARNING * * *
Something hits you but does no damage. You block something's attack.
The orc priest suddenly curses. 😨 HP[-13]
You take 13 damage, and now have 14/28 hp.
MASSIVE DAMAGE!! (PAUSE)
You swap places.
Something hits your orc wizard zombie.
The orc priest invokes the aid of Beogh against you.
Beogh smites you!
Ouch! That really hurt!
You die...

Skill      XL: |  1  2  3  4  5 |
---------------+----------------+-----
Necromancy     | 5 |  5.9
Dodging        | 3 4 |  4.0
Spellcasting   | 4 |  4.7
Shields        | 1 |  1.0
Fighting       | |  0.2
Stealth        | |  2.4

Action                   |  1- 3 |  4- 6 || total
-------------------------+-------+-------++-------
Melee: Club              |     1 |       ||     1
       Unarmed           |     1 |       ||     1
       Dagger            |    12 |       ||    12
       War axe           |     3 |    18 ||    21
 Cast: Necrotise         |    56 |    20 ||    76
       Animate Dead      |       |     1 ||     1
 Stab: Sleeping          |     3 |       ||     3
       Distracted        |       |     1 ||     1
Armor: Robe              |     8 |    11 ||    19
Dodge: Dodged            |    28 |    11 ||    39
Block: Buckler           |       |     1 ||     1

Levels and vault maps discovered:
D:1:      lordsloth_arrival_two_stooges, layout_loops_ring, serial_shops,
          nicolae_diamond_shop
D:2:      layout_loops_ring, shapermc_ecumenical_altar_gd,
          roderic_serpentine_path, chequers_serial_rivers_micro_d, st_stairs_12,
          minmay_misc_feat_diagonals
D:3:      layout_loops_cross, nicolae_gozag_seed_capital, fountainhead
D:4:      layout_basic, hellmonk_ghost_happy_afterlife, sigmund_edmund_badplayer

Notes
Turn   | Place    | Note
-------+----------+-------------------------------------------
     0 | D:1      | mcwallace the Deep Elf Necromancer began the quest for the
                  | Orb.
     0 | D:1      | Reached XP level 1. HP: 10/10 MP: 6/6
     0 | D:1      | magus.rc [v1.9.6]
    65 | D:1      | Found Naur Rott's Antique Armour Shoppe.
   126 | D:1      | HP: 2/10 [giant cockroach (1)]
   131 | D:1      | Reached skill level 5 in Necromancy
   135 | D:1      | HP: 1/10 [kobold/+0 club (1)]
   137 | D:1      | Reached XP level 2. HP: 1/15 MP: 1/8
  1092 | D:2      | Reached skill level 3 in Dodging
  1105 | D:2      | Reached XP level 3. HP: 17/19 MP: 0/10
  1418 | D:2      | Reached skill level 4 in Spellcasting
  1785 | D:2      | Found a faded altar of an unknown god.
  2024 | D:2      | Identified the amulet of Iplif {RegenMP +Inv}
  2047 | D:2      | Learned a level 3 spell: Vampiric Draining
  2049 | D:2      | Identified the +1 cloak of Jisobud {rN+ Int+10}
  2213 | D:3      | Found an opulent altar of Gozag.
  2295 | D:3      | Reached XP level 4. HP: 21/24 MP: 9/12
  3052 | D:4      | Reached XP level 5. HP: 28/28 MP: 9/13
  3102 | D:4      | Learned a level 4 spell: Animate Dead
  3113 | D:4      | Reached skill level 4 in Dodging
  3113 | D:4      | Reached skill level 1 in Shields
  3122 | D:4      | Killed from afar by an orc priest

Vanquished Creatures
  An orc priest (D:3)
  An iguana (D:4)
  An orc wizard (D:4)
  3 adders
  A worm (D:3)
  2 dart slugs (D:3)
  2 orcs (D:3)
  2 endoplasms (D:1)
  A giant cockroach (D:1)
  4 goblins
  6 hobgoblins
  8 kobolds
  2 quokkas (D:2)
  4 ball pythons
  3 bats
  A frilled lizard (D:2)
  8 rats
50 creatures vanquished.

Vanquished Creatures (collateral kills)
  A giant cockroach (D:1)
  A goblin (D:2)
  A rat (D:2)
3 creatures vanquished.

Grand Total: 53 creatures vanquished

Table legend:
 A = Non-vault XP
 B = Vault XP
 C = Vault XP percentage of total XP
 D = Non-vault monster count
 E = Vault monster count
 F = Vault count percentage of total count
                 A         B        C        D         E       F
            +---------+---------+-------+---------+---------+-------
      Total |     223 |      13 |   5.5 |      52 |       1 |   1.9
            +---------+---------+-------+---------+---------+-------
        D:1 |      23 |       0 |   0.0 |      13 |       0 |   0.0
        D:2 |      42 |      13 |  23.6 |      19 |       1 |   5.0
        D:3 |      88 |       0 |   0.0 |      18 |       0 |   0.0
        D:4 |      70 |       0 |   0.0 |       2 |       0 |   0.0
            +---------+---------+-------+---------+---------+-------

Illustrated notes

Table legend:
 A = Kills in this place as a percentage of kills in entire the game.
 B = Kills by you in this place as a percentage of kills by you in the entire game.
 C = Kills by friends in this place as a percentage of kills by friends in the entire game.
 D = Other kills in this place as a percentage of other kills in the entire game.
 E = Experience gained in this place as a percentage of experience gained in the entire game.
 F = Experience gained in this place divided by the number of levels of this place that you have seen.
                   A       B       C       D       E      F
               +-------+-------+-------+-------+-------+----------------------
         Total | 100.0 | 100.0 | 100.0 |   N/A | 100.0 |  59.0
       Dungeon | 100.0 | 100.0 | 100.0 |   N/A | 100.0 |  59.0
               +-------+-------+-------+-------+-------+----------------------

Table legend: (Time is in decaauts)
 A = Elapsed time spent in this place.
 B = Non-inter-level travel time spent in this place.
 C = Inter-level travel time spent in this place.
 D = Time resting spent in this place.
 E = Time spent auto-exploring this place.
 F = Levels seen in this place.
 G = Mean time per level.
                   A        B        C        D        E       F      G
               +--------+--------+--------+--------+--------+-----+--------+
         Total |   3130 |   3038 |     92 |      0 |   2551 |   4 |  782.5 |
       Dungeon |   3130 |   3038 |     92 |      0 |   2551 |   4 |  782.5 |
               +--------+--------+--------+--------+--------+-----+--------+

Top non-repeatable levels by time:
     D:2: 1106 daAuts
     D:1: 1055 daAuts
     D:3: 869 daAuts
     D:4: 99 daAuts
